2544 views
Uploaded 2022-01-31 14:44:34
Game version 1.32.10
16:38 long 4on4 ladder game on (8)GoldRush
Saved by xzz
2544 views
Uploaded 2022-01-31 14:44:34
Game version 1.32.10
16:38 long 4on4 ladder game on (8)GoldRush

59 units @ 6.2k
/ 0.2k
30 buildings @ 3.7k
/ 1.1k
| Peon | 9 | 675 | / | 0 |
| Troll Headhunter | 3 | 420 | / | 60 |
| total: | 12 | 1095g | / | 60w |
| Orc Burrow | 2 | 320 | / | 80 |
| War Mill | 1 | 205 | / | 0 |
| Barracks | 1 | 180 | / | 50 |
| Altar of Storms | 1 | 180 | / | 50 |
| Voodoo Lounge | 1 | 130 | / | 30 |
| total: | 6 | 1015g | / | 210w |
| 0:01 | Peon |
| 0:02 | Peon |
| 0:04 | Peon |
| 0:13 | Peon |
| 0:18 | Orc Burrow |
| 0:34 | War Mill |
| 0:50 | Barracks |
| 0:54 | Peon |
| 1:05 | Altar of Storms |
| 1:12 | Peon |
| 1:20 | Peon |
| 1:30 | Peon |
| 1:37 | Orc Burrow |
| 1:45 | Peon |
| 1:57 | Troll Headhunter |
| 2:11 | Troll Headhunter |
| 2:30 | Voodoo Lounge |
| 2:39 | Troll Headhunter |
| Right click | 116 |
| Select | 45 |
| Select group | 41 |
| Build/train/purchase | 13 |
| Chat | 13 |
| Assign group | 12 |
| Remove unit | 1 |

| Scroll of Regeneration | 3 | 300 |
| Lesser Clarity Potion | 3 | 210 |
| total: | 6 | 510g |
| Peasant | 21 | 1575 | / | 0 |
| Footman | 18 | 2430 | / | 0 |
| Rifleman | 4 | 820 | / | 120 |
| total: | 43 | 4825g | / | 120w |
| Scout Tower | 5 | 150 | / | 100 |
| Arcane Tower | 1 | 70 | / | 50 |
| Guard Tower | 4 | 280 | / | 200 |
| Altar of Kings | 1 | 180 | / | 50 |
| Farm | 5 | 400 | / | 100 |
| Barracks | 1 | 160 | / | 60 |
| Lumber Mill | 1 | 120 | / | 0 |
| Arcane Vault | 1 | 130 | / | 30 |
| Blacksmith | 1 | 140 | / | 60 |
| Keep | 1 | 320 | / | 210 |
| total: | 15 | 1280g | / | 400w |
| 0:12 | Peasant |
| 0:12 | Peasant |
| 0:15 | Altar of Kings |
| 0:32 | Farm |
| 0:37 | Peasant |
| 0:49 | Peasant |
| 0:58 | Peasant |
| 1:01 | Peasant |
| 1:01 | Peasant |
| 1:17 | Barracks |
| 1:43 | Farm |
| 2:00 | Lumber Mill |
| 2:46 | Peasant |
| 2:50 | Storm Bolt |
| 3:05 | Footman |
| 3:12 | Footman |
| 3:19 | Peasant |
| 3:22 | Scout Tower |
| 3:27 | Footman |
| 3:40 | Peasant |
| 3:40 | Peasant |
| 4:08 | Footman |
| 4:28 | Footman |
| 4:37 | Farm |
| 4:42 | Peasant |
| 4:42 | Peasant |
| 5:00 | Footman |
| 5:35 | Arcane Tower |
| 5:40 | Farm |
| 5:54 | Farm |
| 5:57 | Scout Tower |
| 6:05 | Footman |
| 6:26 | Guard Tower |
| 6:55 | Bash |
| 7:24 | Scout Tower |
| 7:33 | Peasant |
| 7:33 | Peasant |
| 7:44 | Footman |
| 7:54 | Arcane Vault |
| 8:05 | Footman |
| 8:07 | Footman |
| 8:07 | Footman |
| 8:53 | Footman |
| 9:15 | Guard Tower |
| 9:27 | Blacksmith |
| 9:36 | Footman |
| 10:04 | Footman |
| 10:38 | Thunder Clap |
| 10:49 | Footman |
| 11:18 | Footman |
| 11:18 | Footman |
| 11:28 | Footman |
| 11:31 | Scroll of Regeneration |
| 11:34 | Lesser Clarity Potion |
| 11:47 | Peasant |
| 11:47 | Peasant |
| 11:55 | Scout Tower |
| 12:11 | Peasant |
| 12:11 | Peasant |
| 12:19 | Peasant |
| 12:19 | Peasant |
| 12:26 | Scout Tower |
| 13:15 | Rifleman |
| 13:20 | Scroll of Regeneration |
| 13:21 | Lesser Clarity Potion |
| 13:25 | Guard Tower |
| 13:26 | Guard Tower |
| 13:28 | Improved Masonry |
| 13:30 | Keep |
| 13:51 | Rifleman |
| 14:27 | Rifleman |
| 14:27 | Rifleman |
| 14:48 | Lesser Clarity Potion |
| 14:50 | Scroll of Regeneration |
| Right click | 695 |
| Select | 215 |
| Build/train/purchase | 87 |
| Select group | 54 |
| Misc. action | 30 |
| Assign group | 25 |
| Use ability | 17 |
| Esc | 1 |
| Peon | 4 | 300 | / | 0 |
| total: | 4 | 300g | / | 0w |
| Altar of Storms | 1 | 180 | / | 50 |
| Orc Burrow | 2 | 320 | / | 80 |
| Barracks | 1 | 180 | / | 50 |
| War Mill | 1 | 205 | / | 0 |
| total: | 5 | 885g | / | 180w |
| 0:04 | Peon |
| 0:04 | Peon |
| 0:09 | Altar of Storms |
| 0:11 | Orc Burrow |
| 0:17 | Peon |
| 1:28 | Barracks |
| 1:31 | War Mill |
| 1:40 | Peon |
| 1:47 | Orc Burrow |
| Chat | 42 |
| Select | 32 |
| Right click | 26 |
| Build/train/purchase | 6 |
| Remove unit | 1 |
| Esc | 1 |
| Lesser Clarity Potion | 2 | 140 |
| Scroll of Regeneration | 2 | 200 |
| total: | 4 | 340g |
| Watch Tower | 3 | 330 | / | 240 |
| Altar of Kings | 1 | 180 | / | 50 |
| total: | 4 | 510g | / | 290w |
| 0:23 | Altar of Kings |
| 1:51 | Flame Strike |
| 2:55 | Shockwave |
| 3:14 | Shockwave |
| 7:28 | Watch Tower |
| 7:32 | Watch Tower |
| 7:34 | Watch Tower |
| 10:17 | Scroll of Regeneration |
| 10:17 | Lesser Clarity Potion |
| 11:14 | Siphon Mana |
| 11:25 | War Stomp |
| 11:42 | Lesser Clarity Potion |
| 12:03 | Scroll of Regeneration |
| Chat | 390 |
| Right click | 389 |
| Select | 157 |
| Misc. action | 38 |
| Use ability | 28 |
| Assign group | 20 |
| Select group | 20 |
| Build/train/purchase | 15 |
| Esc | 1 |
90 units @ 11.2k
/ 1.3k
57 buildings @ 7.7k
/ 2.6k
| Peasant | 11 | 825 | / | 0 |
| total: | 11 | 825g | / | 0w |
| Altar of Kings | 1 | 180 | / | 50 |
| Farm | 3 | 240 | / | 60 |
| Barracks | 1 | 160 | / | 60 |
| Blacksmith | 1 | 140 | / | 60 |
| Lumber Mill | 1 | 120 | / | 0 |
| Arcane Vault | 1 | 130 | / | 30 |
| total: | 8 | 970g | / | 260w |
| 0:03 | Peasant |
| 0:03 | Peasant |
| 0:03 | Peasant |
| 0:24 | Peasant |
| 0:24 | Peasant |
| 0:49 | Altar of Kings |
| 0:55 | Farm |
| 1:01 | Peasant |
| 1:06 | Peasant |
| 1:47 | Farm |
| 1:49 | Peasant |
| 1:49 | Peasant |
| 1:49 | Peasant |
| 1:56 | Barracks |
| 2:15 | Blacksmith |
| 2:23 | Farm |
| 2:28 | Peasant |
| 2:36 | Lumber Mill |
| 2:51 | Arcane Vault |
| Chat | 44 |
| Select | 30 |
| Right click | 29 |
| Build/train/purchase | 12 |

| Healing Salve | 2 | 200 |
| total: | 2 | 200g |
| Peon | 10 | 750 | / | 0 |
| Troll Headhunter | 12 | 1680 | / | 240 |
| Forest Troll Shadow Priest | 1 | 195 | / | 10 |
| Rifleman | 8 | 1640 | / | 240 |
| Footman | 5 | 675 | / | 0 |
| Peasant | 2 | 150 | / | 0 |
| Mortar Team | 4 | 720 | / | 280 |
| total: | 42 | 5810g | / | 770w |
| Watch Tower | 1 | 110 | / | 80 |
| Orc Burrow | 4 | 640 | / | 160 |
| Altar of Storms | 1 | 180 | / | 50 |
| War Mill | 1 | 205 | / | 0 |
| Barracks | 1 | 180 | / | 50 |
| Voodoo Lounge | 1 | 130 | / | 30 |
| Great Hall | 2 | 770 | / | 370 |
| Beastiary | 1 | 145 | / | 140 |
| Stronghold | 1 | 315 | / | 190 |
| Fortress | 1 | 325 | / | 190 |
| Scout Tower | 4 | 120 | / | 80 |
| Farm | 7 | 560 | / | 140 |
| Lumber Mill | 1 | 120 | / | 0 |
| Town Hall | 1 | 385 | / | 205 |
| Workshop | 2 | 280 | / | 280 |
| Keep | 2 | 640 | / | 420 |
| Castle | 1 | 360 | / | 210 |
| total: | 27 | 3825g | / | 1585w |
| 0:04 | Peon |
| 0:04 | Peon |
| 0:17 | Orc Burrow |
| 0:19 | Altar of Storms |
| 0:37 | Peon |
| 0:37 | Peon |
| 1:00 | War Mill |
| 1:13 | Barracks |
| 1:16 | Peon |
| 1:35 | Orc Burrow |
| 1:43 | Peon |
| 2:17 | Troll Headhunter |
| 2:23 | Voodoo Lounge |
| 2:31 | Endurance Aura |
| 2:43 | Troll Headhunter |
| 2:43 | Troll Headhunter |
| 2:57 | Spiked Barricades |
| 3:58 | Troll Headhunter |
| 3:59 | Troll Headhunter |
| 4:07 | Healing Salve |
| 4:15 | Troll Headhunter |
| 5:05 | Troll Headhunter |
| 6:15 | Healing Salve |
| 6:57 | Troll Headhunter |
| 6:57 | Troll Headhunter |
| 6:59 | Stronghold |
| 7:02 | Steel Ranged Weapons |
| 7:37 | Orc Burrow |
| 7:40 | Orc Burrow |
| 7:57 | Rifleman |
| 7:57 | Rifleman |
| 7:57 | Rifleman |
| 7:58 | Rifleman |
| 7:58 | Rifleman |
| 8:02 | Farm |
| 8:03 | Farm |
| 8:05 | Farm |
| 8:09 | Farm |
| 8:13 | Footman |
| 8:13 | Footman |
| 8:13 | Footman |
| 8:14 | Footman |
| 8:14 | Footman |
| 8:19 | Peasant |
| 8:19 | Peasant |
| 8:25 | Farm |
| 8:47 | Watch Tower |
| 9:13 | Farm |
| 9:13 | Farm |
| 9:18 | Black Gunpowder |
| 9:19 | Studded Leather Armor |
| 9:25 | Troll Headhunter |
| 9:25 | Troll Headhunter |
| 9:25 | Troll Headhunter |
| 9:28 | Thorium Ranged Weapons |
| 9:42 | Brilliance Aura |
| 10:01 | Keep |
| 10:49 | Rifleman |
| 10:49 | Rifleman |
| 10:49 | Rifleman |
| 10:51 | Keep |
| 10:59 | Scout Tower |
| 11:00 | Scout Tower |
| 11:02 | Scout Tower |
| 11:02 | Scout Tower |
| 11:07 | Lumber Mill |
| 11:16 | Forest Troll Shadow Priest |
| 11:42 | War Stomp |
| 11:50 | Endurance Aura |
| 12:17 | Beastiary |
| 12:30 | Troll Regeneration |
| 12:33 | Steel Armor |
| 13:21 | Great Hall |
| 13:31 | Fortress |
| 13:35 | Peon |
| 13:35 | Peon |
| 13:36 | Peon |
| 13:36 | Peon |
| 13:58 | War Stomp |
| 14:11 | Castle |
| 14:15 | Workshop |
| 14:15 | Workshop |
| 14:31 | Great Hall |
| 14:43 | Refined Gunpowder |
| 14:43 | Reinforced Leather Armor |
| 15:24 | Mortar Team |
| 15:25 | Mortar Team |
| 15:25 | Mortar Team |
| 15:25 | Mortar Team |
| 15:58 | Town Hall |
| Right click | 536 |
| Select | 292 |
| Build/train/purchase | 68 |
| Select group | 47 |
| Use ability | 13 |
| Assign group | 9 |
| Esc | 3 |
| Remove unit | 2 |
| Minimap ping | 1 |

| Peasant | 11 | 825 | / | 0 |
| total: | 11 | 825g | / | 0w |
| Scout Tower | 4 | 120 | / | 80 |
| Arcane Tower | 6 | 420 | / | 300 |
| Altar of Kings | 1 | 180 | / | 50 |
| Farm | 2 | 160 | / | 40 |
| Barracks | 1 | 160 | / | 60 |
| Arcane Vault | 1 | 130 | / | 30 |
| total: | 9 | 750g | / | 260w |
| 0:02 | Peasant |
| 0:03 | Peasant |
| 0:12 | Altar of Kings |
| 0:15 | Peasant |
| 0:15 | Peasant |
| 0:17 | Farm |
| 0:51 | Scout Tower |
| 1:30 | Farm |
| 1:45 | Peasant |
| 1:55 | Blizzard |
| 2:04 | Peasant |
| 2:04 | Peasant |
| 2:46 | Barracks |
| 2:48 | Scout Tower |
| 2:49 | Scout Tower |
| 2:49 | Scout Tower |
| 3:00 | Arcane Vault |
| 3:20 | Peasant |
| 3:20 | Peasant |
| 3:20 | Peasant |
| 3:23 | Arcane Tower |
| 3:26 | Peasant |
| Right click | 147 |
| Select | 76 |
| Build/train/purchase | 32 |
| Use ability | 6 |
| Misc. action | 3 |

| Lesser Clarity Potion | 5 | 350 |
| Healing Salve | 2 | 200 |
| Scroll of Speed | 1 | 50 |
| Potion of Mana | 1 | 200 |
| Scroll of Town Portal | 1 | 350 |
| Scroll of Regeneration | 1 | 100 |
| total: | 11 | 1250g |
| Peon | 9 | 675 | / | 0 |
| Grunt | 2 | 400 | / | 0 |
| Troll Headhunter | 8 | 1120 | / | 160 |
| Demolisher | 7 | 1540 | / | 350 |
| total: | 26 | 3735g | / | 510w |
| Orc Burrow | 6 | 960 | / | 240 |
| Altar of Storms | 1 | 180 | / | 50 |
| Barracks | 4 | 720 | / | 200 |
| War Mill | 1 | 205 | / | 0 |
| Voodoo Lounge | 1 | 130 | / | 30 |
| Stronghold | 1 | 315 | / | 190 |
| Fortress | 1 | 325 | / | 190 |
| Arcane Tower | 1 | 70 | / | 50 |
| total: | 13 | 2195g | / | 520w |
| 0:08 | Peon |
| 0:08 | Peon |
| 0:11 | Orc Burrow |
| 0:13 | Altar of Storms |
| 0:39 | Barracks |
| 0:59 | Peon |
| 1:02 | Peon |
| 1:30 | War Mill |
| 1:53 | Grunt |
| 2:05 | Orc Burrow |
| 2:21 | Voodoo Lounge |
| 2:43 | Troll Headhunter |
| 2:47 | Serpent Ward |
| 3:05 | Grunt |
| 3:06 | Troll Headhunter |
| 3:09 | Peon |
| 3:10 | Troll Headhunter |
| 4:26 | Troll Headhunter |
| 4:26 | Troll Headhunter |
| 4:27 | Stronghold |
| 5:24 | Hex |
| 5:52 | Lesser Clarity Potion |
| 5:53 | Scroll of Regeneration |
| 5:59 | Troll Headhunter |
| 6:00 | Troll Headhunter |
| 6:00 | Troll Headhunter |
| 6:02 | Orc Burrow |
| 6:04 | Steel Armor |
| 6:04 | Steel Ranged Weapons |
| 7:22 | Serpent Ward |
| 7:38 | Demolisher |
| 7:43 | Barracks |
| 7:45 | Barracks |
| 7:48 | Fortress |
| 7:50 | Barracks |
| 8:09 | Healing Salve |
| 8:09 | Scroll of Speed |
| 8:16 | Healing Salve |
| 8:17 | Lesser Clarity Potion |
| 8:28 | Demolisher |
| 8:34 | Arcane Tower |
| 9:21 | Demolisher |
| 9:23 | Orc Burrow |
| 9:24 | Orc Burrow |
| 9:59 | Hex |
| 11:31 | Burning Oil |
| 11:32 | Demolisher |
| 11:34 | Peon |
| 11:34 | Peon |
| 11:34 | Peon |
| 11:52 | Peon |
| 11:58 | Demolisher |
| 12:10 | Lesser Clarity Potion |
| 12:10 | Potion of Mana |
| 12:15 | Scroll of Town Portal |
| 13:21 | Serpent Ward |
| 13:28 | Demolisher |
| 13:32 | Lesser Clarity Potion |
| 13:51 | Lesser Clarity Potion |
| 16:23 | Demolisher |
| 16:25 | Thorium Ranged Weapons |
| 16:27 | Orc Burrow |
| Right click | 742 |
| Select | 258 |
| Select group | 128 |
| Build/train/purchase | 67 |
| Use ability | 42 |
| Chat | 41 |
| Assign group | 18 |
| Misc. action | 6 |
| Esc | 1 |
| Minimap ping | 1 |
⇛